 Dungeon Crawl Stone Soup version 0.32-a0-872-g59262bdc9b (webtiles) character file.

Game seed: 8855100934595387167

397 Biggs the Shooter (level 6, -3/44 HPs)
             Began as a Coglin Hunter on Mar 30, 2024.
             Slain by a gnoll
             ... wielding a +0 halberd
             ... led by a gnoll bouda
              (11 damage)
             ... on level 4 of the Dungeon.
             The game lasted 00:04:32 (3270 turns).

Biggs the Shooter (Coglin Hunter)                   Turns: 3270, Time: 00:04:32

Health: -3/44      AC:  3    Str: 11 (12) XL:     6   Next: 83%
Magic:  6/6        EV: 11    Int:  6 (8)  God:
Gold:   121        SH:  0    Dex: 17 (19) Spells: 5/5 levels left

rFire   . . .        a - +2 sling {Bangon}
rCold   . . .        d - +0 sling {Seoyun}
rNeg    . . .        c - +0 leather armour
rPois   .            (no helmet)
rElec   .            (no cloak)
rCorr   .            (no gloves)
SInv    .            (no boots)
Will    +....        (amulet unavailable)
Stlth   ++           (ring unavailable)
HPRegen 0.27/turn    (ring unavailable)
MPRegen 0.10/turn    (no gizmo)

%: no passive effects
@: enlightened, flying, revved
A: off-hand wielding, slow wielding, warmup strikes, no jewellery
a: Invent Gizmo


You were on level 4 of the Dungeon.
You visited 1 branch of the dungeon, and saw 4 of its levels.

You collected 121 gold pieces.

Inventory:

Hand Weapons
 a - a +2 sling (weapon) {Bangon}
 d - a +0 sling (offhand) {Seoyun}
Armour
 c - a +0 leather armour (worn)
Wands
 n - a wand of iceblast (7)
Scrolls
 e - 2 scrolls of fear {unknown}
 g - 3 scrolls of identify {unknown}
 i - 3 scrolls of poison {unknown}
 k - a scroll of torment {unknown}
 l - 2 scrolls of fog {unknown}
 m - a scroll of immolation {unknown}
Potions
 b - a potion of degeneration
 f - 2 potions of enlightenment
 h - a potion of curing {unknown}
 j - 2 potions of attraction {unknown}
 o - a potion of might {unknown}
 p - a potion of mutation {unknown}
 q - a potion of ambrosia {unknown}


   Skills:
 - Level 2.0 Fighting
 + Level 7.2 Ranged Weapons
 - Level 1.7 Dodging
 - Level 0.7 Stealth


You had 5 spell levels left.
You didn't know any spells.
Your spell library contained the following spells:

 Spells                   Type           Power      Damage    Failure   Level
 Magic Dart               Conj           0%         1d3       54%         1
 Summon Small Mammal      Summ           0%         N/A       54%         1
 Searing Ray              Conj           0%         2d4       69%         2
 Call Canine Familiar     Summ           0%         N/A       89%         3
 Fulminant Prism          Conj/Alch      0%         3d5       100%        4
 Leda's Liquefaction      Alch/Erth      0%         N/A       100%        4
 Petrify                  Alch/Erth      0%         N/A       100%        4
 Summon Blazeheart Golem  Fire/Summ      0%         N/A       100%        4
 Metabolic Englaciation   Hex/Ice        0%         N/A       100%        5


Dungeon Overview and Level Annotations

Branches:
Dungeon (4/15)
 Temple: D:4-7

Altars:


Innate Abilities, Weirdness & Mutations

You can wield a second weapon in your off-hand.
It takes a long time for you to wield or remove held weapons.
Your first few attacks do less damage.
You cannot equip rings or amulets.


Message History

Your attacks no longer feel as feeble.
The gnoll hits you from afar with a +0 halberd.
Unknown command.
You shoot a sling bullet. The sling bullet hits the gnoll bouda.
The gnoll bouda is lightly wounded.
You shoot a sling bullet. The sling bullet hits the gnoll bouda!
The gnoll bouda is heavily wounded.
The gnoll hits you from afar with a +0 halberd!
The gnoll bouda calls upon its god to heal the gnoll.
The gnoll's wounds heal themselves!
Unknown command.
You are too injured to fight recklessly!
Unknown command.
Unknown command.
You are too injured to fight recklessly!
Fire: a) +2 sling {Bangon}
Press: ? - help, Q - select action, (/) - cycle Shift-Dir - straight line, f - gnoll, p - gnoll bouda
Aim: a gnoll, wielding a +0 halberd (covering ground quickly, 69% to hit)
You shoot a sling bullet. The sling bullet hits the gnoll bouda.
The gnoll bouda is severely wounded.
You shoot a sling bullet.
The sling bullet hits the gnoll bouda but does no damage.
The gnoll bouda is severely wounded.
The gnoll hits you from afar with a +0 halberd!
* * * LOW HITPOINT WARNING * * *
The gnoll bouda misses you.
Fire: a) +2 sling {Bangon}
Press: ? - help, Q - select action, (/) - cycle Shift-Dir - straight line, f/p - gnoll
Aim: a gnoll, wielding a +0 halberd (covering ground quickly, 69% to hit)
Okay, then.
Okay, then.
It was a potion of enlightenment.
You feel very buoyant.
You fly up into the air.
The gnoll barely misses you. The gnoll bouda barely misses you.
It was a potion of degeneration.
There was something very wrong with that liquid.
You feel weakened.
You feel dopey.
You feel clumsy.
The gnoll hits you from afar with a +0 halberd!
You die...

.# #.##.#.#
#........## .#
#.##.#.# #........#
.# #.#....#
#........# .#
#.####.# #........#
.####.#..#.#
#.......##
.#....#..#.#
#.......#
......#..#รท#
##.......#
...#.....#.#
####)....####
..#....#.#.#
##.@gg#####
..#.##...#.###..####
#.#.######.....##
#.#......#(.####
#.#####.#..######
........#.......#
#...##....#####.#
###.##...## #.#
#..#...######.#


You could see a gnoll bouda and a gnoll (swift).

Vanquished Creatures
  An ogre (D:4)
  3 hounds (D:4)
  5 adders
  11 gnolls
  A ribbon worm (D:4)
  3 dart slugs
  An orc (D:3)
  2 ball pythons
  2 bats
  6 endoplasms
  4 giant cockroaches
  8 goblins
  6 hobgoblins
  3 jackals (D:3)
  5 kobolds
  3 quokkas
  A frilled lizard (D:2)
  3 rats
68 creatures vanquished.

Notes
Turn   | Place    | Note
-------+----------+-------------------------------------------
     0 | D:1      | Biggs the Coglin Hunter began the quest for the Orb.
     0 | D:1      | Reached XP level 1. HP: 16/16 MP: 1/1
   276 | D:1      | Reached skill level 4 in Ranged Weapons
   276 | D:1      | Reached XP level 2. HP: 22/22 MP: 2/2
   858 | D:2      | Reached XP level 3. HP: 27/27 MP: 3/3
  1369 | D:3      | Found a faded altar of an unknown god.
  1385 | D:3      | Reached skill level 5 in Ranged Weapons
  1415 | D:3      | Reached XP level 4. HP: 29/33 MP: 4/4
  1548 | D:3      | Identified the +7 short sword of Uplobiedo {speed, Will+
                  | SInv Stlth+}
  2196 | D:3      | Reached XP level 5. HP: 11/38 MP: 5/5
  2514 | D:4      | Reached skill level 6 in Ranged Weapons
  2709 | D:4      | Noticed an ogre
  2713 | D:4      | Killed an ogre
  2714 | D:4      | Reached XP level 6. HP: 44/44 MP: 6/6
  2862 | D:4      | Reached skill level 7 in Ranged Weapons
  3270 | D:4      | Slain by a gnoll

Illustrated notes

Levels and vault maps discovered:
D:1:      lemuel_arrival_tunnels, layout_basic
D:2:      layout_basic
D:3:      layout_loops_corners, shapermc_ecumenical_altar_notcrosses
D:4:      layout_basic

Skill      XL: |  1  2  3  4  5  6 |
---------------+-------------------+-----
Ranged Weapons | 4 5 6 7 |  7.2
Fighting       | |  2.0
Dodging        | |  1.7
Stealth        | |  0.7

Action                     |  1- 3 |  4- 6 || total
---------------------------+-------+-------++-------
   Fire: Sling             |   134 |   230 ||   364
    Use: Scroll            |       |     2 ||     2
         Potion            |       |     2 ||     2
 Armour: Leather armour    |     5 |    36 ||    41
  Dodge: Dodged            |     5 |    35 ||    40

Table legend: (Time is in decaauts)
 A = Elapsed time spent in this place.
 B = Non-inter-level travel time spent in this place.
 C = Inter-level travel time spent in this place.
 D = Time resting spent in this place.
 E = Time spent auto-exploring this place.
 F = Levels seen in this place.
 G = Mean time per level.
                   A        B        C        D        E       F      G
               +--------+--------+--------+--------+--------+-----+--------+
         Total |   3303 |   3167 |    136 |    215 |   2561 |   4 |  825.8 |
       Dungeon |   3303 |   3167 |    136 |    215 |   2561 |   4 |  825.8 |
               +--------+--------+--------+--------+--------+-----+--------+

Top non-repeatable levels by time:
     D:3: 1389 daAuts
     D:1: 682 daAuts
     D:4: 620 daAuts
     D:2: 610 daAuts
